 Dungeon Crawl Stone Soup version 0.27.1 (webtiles) character file.

Game seed: 7039873514883761920

33 Sabo the Skirmisher (level 3, -4/24 HPs)
             Began as a Gargoyle Monk on Sept 3, 2021.
             Was a Priest of Nemelex Xobeh.
             Slain by a worm (8 damage)
             ... on level 2 of the Dungeon.
             The game lasted 00:07:04 (1669 turns).

Sabo the Skirmisher (Gargoyle Monk)                 Turns: 1669, Time: 00:07:04

Health: -4/24      AC:  5    Str: 15    XL:     3   Next: 29%
Magic:  3/3        EV: 12    Int: 10    God:    Nemelex Xobeh [***...]
Gold:   43         SH:  0    Dex: 12    Spells: 2/2 levels left

rFire    . . .     SeeInvis .   a - +0 mace
rCold    . . .     Faith    .   (no shield)
rNeg     + . .     Spirit   .   b - +0 robe
rPois    ∞         Reflect  .   (no helmet)
rElec    +         Harm     .   (no cloak)
rCorr    .         Rampage  .   (no gloves)
Will     .....                  (no boots)
Stlth    ++........             (no amulet)
HPRegen  0.08/turn              (no ring)
MPRegen  0.08/turn              (no ring)

@: no status effects
A: sickness immunity, AC +3, negative energy resistance 1, electricity
resistance, torment resistance 1, petrification resistance
a: Renounce Religion, Draw Escape, Draw Destruction, Draw Summoning, Triple Draw


You were on level 2 of the Dungeon.
You worshipped Nemelex Xobeh.
Nemelex Xobeh was most pleased with you.
You visited 1 branch of the dungeon, and saw 2 of its levels.

You collected 43 gold pieces.

Inventory:

Hand Weapons
 a - a +0 mace (weapon)
 i - a +0 fustibalus
Missiles
 g - 2 throwing nets (quivered)
 j - 17 arrows
 k - 25 stones
Armour
 b - a +0 robe (worn)
Scrolls
 c - a scroll of teleportation {unknown}
 d - a scroll of fear
 h - a scroll of amnesia
Potions
 e - a potion of curing {unknown}
 f - a potion of might {unknown}


   Skills:
 + Level 3.7 Fighting
 + Level 3.4 Maces & Flails
 + Level 2.8 Dodging
 + Level 2.4 Stealth


You had 2 spell levels left.
You didn't know any spells.
Your spell library contained the following spells:

 Spells                   Type           Power      Damage    Failure   Level
 Corona                   Hex            0%         N/A       36%         1
 Ensorcelled Hibernation  Hex/Ice        0%         N/A       50%         2
 Tukima's Dance           Hex            0%         N/A       75%         3


Dungeon Overview and Level Annotations

Branches:
Dungeon (2/15)

Altars:
Nemelex Xobeh

Shops:
D:1 *


Innate Abilities, Weirdness & Mutations

You are immune to sickness and miasma.
Your stone body is resilient. (AC +3)
You are immune to poison.
You resist negative energy. (rN+)
You are resistant to electric shocks. (rElec)
You are resistant to unholy torment.
You are immune to petrification.


Message History

You see here 13 gold pieces.
A rat comes into view.
Found 2 fizzy dark potions.
You see here a book of Callings.
You hit the rat.
You kill the rat!
The worm closely misses you.
You barely miss the worm. The worm closely misses you.
You completely miss the worm. The worm bites you!
You barely miss the worm. You hit the worm but do no damage.
The worm bites you!
You hit the worm.
The worm is moderately wounded.
The worm bites you but does no damage.
You hit the worm.
The worm is moderately wounded.
The worm bites you.
* * * LOW HITPOINT WARNING * * *
You barely miss the worm.
The worm is moderately wounded.
You sock the worm!
The worm is severely wounded.
The worm bites you but does no damage.
You barely miss the worm.
The worm is heavily wounded.
The worm bites you.
* * * LOW HITPOINT WARNING * * *
You thump the worm!
The worm is almost dead.
You barely miss the worm.
The worm is almost dead.
The worm barely misses you.
You hit the worm.
The worm is almost dead.
The worm bites you but does no damage.
You hit the worm but do no damage.
The worm is almost dead.
The worm bites you!
You die...
Your body disappears without a glow.

+........# #........#
########
###........###......#
#............#......#
#............#......#
#..$.........#......#
.#!....w......#......###
.......@......'......'..
##.......:.$..#.?....###
#............#......#
#............########
##############


You could see a worm.

Vanquished Creatures
  An adder (D:2)
  4 ball pythons (D:1)
  2 endoplasms (D:1)
  4 goblins
  A hobgoblin (D:1)
  3 kobolds (D:2)
  3 quokkas
  A bat (D:2)
  2 frilled lizards
  2 rats
23 creatures vanquished.

Notes
Turn   | Place    | Note
-------+----------+-------------------------------------------
     0 | D:1      | Sabo the Gargoyle Monk began the quest for the Orb.
     0 | D:1      | Reached XP level 1. HP: 14/14 MP: 1/1
   267 | D:1      | Found a faded altar of an unknown god.
   346 | D:1      | Became a worshipper of Nemelex Xobeh the Trickster
   346 | D:1      | Reached * piety under Nemelex Xobeh
   346 | D:1      | Received a gift from Nemelex Xobeh
   346 | D:1      | Reached ** piety under Nemelex Xobeh
   346 | D:1      | Received a gift from Nemelex Xobeh
   409 | D:1      | Reached XP level 2. HP: 14/19 MP: 2/2
   684 | D:1      | Reached *** piety under Nemelex Xobeh
   796 | D:1      | Found Waxkitt's Assorted Antiques.
  1191 | D:2      | Reached XP level 3. HP: 15/24 MP: 3/3
  1669 | D:2      | Slain by a worm

Illustrated notes

Levels and vault maps discovered:
D:1:      psy_arrival_whirlpool, layout_loops_ring,
          chequers_ecumenical_altar_grove, serial_shops, shop
D:2:      layout_basic, roderic_three_in_a_row

Action                   || total
-------------------------++-------
Melee: Mace              ||    72
  Use: Scroll            ||     2
 Stab: Sleeping          ||     3
Armor: Robe              ||    20
Dodge: Dodged            ||    44
